 Dungeon Crawl Stone Soup version 0.29-a0-334-gb41bcbb86e (webtiles) character file.

Game seed: 13948863213671902216

113 Hubjo the Digger (level 4, 0/27 HPs)
             Began as a Gargoyle Earth Elementalist on Apr 13, 2022.
             Was a Follower of Vehumet.
             Slain by a kobold
             ... wielding a +0 whip
              (4 damage)
             ... on level 2 of the Dungeon.
             The game lasted 00:03:52 (4603 turns).

Hubjo the Digger (Gargoyle Earth Elementalist)      Turns: 4603, Time: 00:03:53

Health: 0/27       AC:  5    Str: 12    XL:     4   Next: 96%
Magic:  6/7        EV: 11    Int: 17    God:    Vehumet [*.....]
Gold:   36         SH:  0    Dex: 10    Spells: 7/8 levels left

rFire   . . .      SeeInvis .   (no weapon)
rCold   . . .      Faith    .   (no shield)
rNeg    + . .      Spirit   .   b - +0 robe
rPois   ∞          Reflect  .   (no helmet)
rElec   +          Harm     .   (no cloak)
rCorr   .          Rampage  .   (no gloves)
Will    .....                   (no boots)
Stlth   ++........              (no amulet)
HPRegen 0.09/turn               (no ring)
MPRegen 0.10/turn               (no ring)

@: slowed, very slow
A: sickness immunity, AC +3, negative energy resistance 1, electricity
resistance, torment resistance 1, petrification resistance
a: Renounce Religion


You were on level 2 of the Dungeon.
You worshipped Vehumet.
Vehumet was aware of your devotion.
You visited 1 branch of the dungeon, and saw 2 of its levels.

You collected 36 gold pieces.

Inventory:

Missiles
 a - 94 stones
Armour
 b - a +0 robe (worn)
Scrolls
 d - a scroll of identify
Potions
 c - a potion of magic


   Skills:
 * Level 2.4 Fighting
 - Level 1.5 Dodging
 * Level 3.5 Stealth
 + Level 2.5 Spellcasting
 + Level 1.4 Transmutations
 + Level 4.2 Earth Magic


You had 7 spell levels left.
You knew the following spells:

 Your Spells              Type           Power      Damage    Failure   Level
a - Sandblast             Erth           32%        2d9       3%          1

Your spell library contained the following spells:

 Spells                   Type           Power      Damage    Failure   Level
 Shock                    Conj/Air       8%         1d3       19%         1
 Passwall                 Tmut/Erth      9%         N/A       9%          2
 Stone Arrow              Conj/Erth      18%        3d8       24%         3
 Petrify                  Tmut/Erth      11%        N/A       50%         4


Dungeon Overview and Level Annotations

Branches:
Dungeon (2/15)

Altars:
Vehumet

Annotations:
D:2 Natasha


Innate Abilities, Weirdness & Mutations

You are immune to sickness and miasma.
Your stone body is resilient. (AC +3)
You are immune to poison.
You resist negative energy. (rN+)
You are resistant to electric shocks. (rElec)
You are resistant to unholy torment.
You are immune to petrification.


Message History

The kobold shouts!
The bat barely misses you. Natasha claws you!
You hit Natasha.
Natasha is lightly wounded.
The bat closely misses you. The bat misses you. Natasha closely misses you.
The kobold misses you. Natasha closely misses you.
You completely miss Natasha.
Natasha is lightly wounded.
The bat hits you but does no damage. The kobold hits you with a +0 whip.
Natasha claws you.
You are too injured to fight recklessly!
You are too injured to fight recklessly!
You are too injured to fight recklessly!
You are too injured to fight recklessly!
You are too injured to fight recklessly!
You are too injured to fight recklessly!
You are too injured to fight recklessly!
You are too injured to fight recklessly!
You are too injured to fight recklessly!
You are too injured to fight recklessly!
You are too injured to fight recklessly!
You are too injured to fight recklessly!
You are too injured to fight recklessly!
You are too injured to fight recklessly!
You are too injured to fight recklessly!
You are too injured to fight recklessly!
You are too injured to fight recklessly!
You are too injured to fight recklessly!
Casting: Sandblast (safe; 3% risk of failure)
Confirm with . or Enter, or press ? or * to list all spells.
Aiming: Sandblast (safe; 3% risk of failure)
Press: ? - help, Shift-Dir - straight line, f - kobold
Aim: a kobold, wielding a +0 whip (74% to hit)
The blast of sand misses the kobold.
The bat barely misses you. The kobold hits you with a +0 whip.
Natasha casts a spell at you. The magic dart hits you!
* * * LOW HITPOINT WARNING * * *
The kobold hits you with a +0 whip.
You die...

...###...................
.....#.......<####.......
...........#..####.#..##
#.........###..###...##
#.........####..##..####
........................
#...b.......$#........#.
.........#.#............
......K@.#.#..........##
......h...............#
......................#
.#................#####
#.........:.....#..
#................#.
......#........
.######........


You could see Natasha, a bat and a kobold.

Vanquished Creatures
  Natasha (twice) (D:2)
  Robin (D:1)
  An adder (D:2)
  A dart slug (D:2)
  2 bats (D:1)
  2 endoplasms
  2 giant cockroaches (D:1)
  9 goblins
  5 hobgoblins (D:1)
  2 kobolds (D:1)
  5 quokkas
  4 ball pythons (D:1)
  A frilled lizard (D:1)
  A rat (D:1)
38 creatures vanquished.

Notes
Turn   | Place    | Note
-------+----------+-------------------------------------------
     0 | D:1      | Hubjo the Gargoyle Earth Elementalist began the quest for
                  | the Orb.
     0 | D:1      | Reached XP level 1. HP: 10/10 MP: 3/3
   778 | D:1      | Reached XP level 2. HP: 15/16 MP: 5/5
  1153 | D:1      | Reached skill level 1 in Fighting
  1431 | D:1      | Reached skill level 1 in Transmutations
  1556 | D:1      | Found a faded altar of an unknown god.
  1788 | D:1      | Prayed at the altar of an unknown god.
  1788 | D:1      | Became a worshipper of Vehumet
  1788 | D:1      | Reached * piety under Vehumet
  1788 | D:1      | Offered knowledge of Shock by Vehumet.
  2349 | D:2      | Noticed Robin
  2571 | D:1      | Reached XP level 3. HP: 9/20 MP: 2/6
  3589 | D:1      | Killed Robin
  3590 | D:1      | Reached skill level 4 in Earth Magic
  3933 | D:2      | Reached XP level 4. HP: 4/26 MP: 5/7
  4326 | D:2      | Noticed Natasha
  4334 | D:2      | Killed Natasha
  4359 | D:2      | Noticed Natasha
  4366 | D:2      | Killed Natasha
  4595 | D:2      | Noticed Natasha
  4603 | D:2      | Slain by a kobold

Illustrated notes

Levels and vault maps discovered:
D:1:      dpeg_arrival_boxes_within_box, layout_basic,
          shapermc_ecumenical_altar_mp_vishouse, minmay_misc_feat_iff
D:2:      layout_rooms, kennysheep_donut, uniq_robin, uniq_natasha

Skill      XL: |  1  2  3 |
---------------+----------+-----
Fighting       | 1 2 |  2.4
Transmutations | 1 |  1.4
Stealth        | 3 |  3.5
Earth Magic    | 4 |  4.2
Dodging        | |  1.5
Spellcasting   | |  2.5

Action                   |  1- 3 |  4- 6 || total
-------------------------+-------+-------++-------
Melee: Unarmed           |   133 |    18 ||   151
       Punch             |     2 |       ||     2
 Cast: Sandblast         |    39 |     7 ||    46
  Use: Scroll            |     2 |       ||     2
       Potion            |     1 |       ||     1
 Stab: Sleeping          |     4 |       ||     4
Armor: Robe              |    77 |     5 ||    82
Dodge: Dodged            |   138 |    11 ||   149

Table legend: (Time is in decaauts)
 A = Elapsed time spent in this place.
 B = Non-inter-level travel time spent in this place.
 C = Inter-level travel time spent in this place.
 D = Time resting spent in this place.
 E = Time spent auto-exploring this place.
 F = Levels seen in this place.
 G = Mean time per level.
                   A        B        C        D        E       F      G
               +--------+--------+--------+--------+--------+-----+--------+
         Total |   4612 |   4612 |      0 |   1704 |   2530 |   2 | 2306.0 |
       Dungeon |   4612 |   4612 |      0 |   1704 |   2530 |   2 | 2306.0 |
               +--------+--------+--------+--------+--------+-----+--------+

Top non-repeatable levels by time:
     D:1: 3877 daAuts
     D:2: 735 daAuts
